 Dungeon Crawl Stone Soup version 0.24-a0-169-g71aafec (webtiles) character file.

Game seed: 7282097072741416853

368 emperorscorpion the Poker (level 6, -2/51 HPs)
             Began as a Merfolk Berserker on Mar 7, 2019.
             Was a Follower of Trog.
             Slain by an orc warrior
             ... wielding a +4 glaive
              (19 damage)
             ... on level 6 of the Dungeon.
             The game lasted 00:04:46 (706 turns).

emperorscorpion the Poker (Merfolk Berserker)        Turns: 706, Time: 00:04:47

Health: -2/51      AC:  5    Str: 18    XL:     6   Next: 69%
Magic:  0/6        EV: 13    Int:  7    God:    Trog [*.....]
Gold:   98         SH:  0    Dex: 14    Spells: 5/5 levels left

rFire    . . .     SeeInvis .   a - +0 spear
rCold    . . .     Gourm    .   (no shield)
rNeg     . . .     Faith    .   f - +0 ring mail
rPois    .         Spirit   +   (no helmet)
rElec    .         Reflect  .   (no cloak)
rCorr    .         Harm     .   (no gloves)
MR       .....                  (no boots)
Stlth    +.........             d - amulet of guardian spirit
HPRegen  0.17/turn              (no ring)
MPRegen  0.10/turn              (no ring)

@: berserk cooldown, slowed, very slow
A: change form in water, swift swim, stealthy swim
a: Berserk, Renounce Religion


You were on level 6 of the Dungeon.
You worshipped Trog.
Trog was aware of your devotion.
You were very hungry.

You visited 1 branch of the dungeon, and saw 6 of its levels.

You collected 98 gold pieces.

Inventory:

Hand Weapons
 a - a +0 spear (weapon)
 k - a +0 blowgun
Armour
 b - a +0 animal skin
 f - a +0 ring mail (worn)
Jewellery
 d - an amulet of guardian spirit (around neck)
 m - an uncursed ring of teleportation
Scrolls
 g - a scroll of fear
 h - a scroll of amnesia
Potions
 j - 2 potions of ambrosia
 l - a potion of berserk rage
Comestibles
 c - 2 rations


   Skills:
 + Level 5.3 Fighting
 + Level 7.5 Polearms
 + Level 2.0 Armour
 + Level 4.3 Dodging
 + Level 0.2 Stealth


You had 5 spell levels left.
You didn't know any spells.
Your spell library was empty.

Dungeon Overview and Level Annotations

Branches:
Dungeon (6/15)             Temple (0/1) D:5

Altars:

Shops:
D:4 [


Message History

An orc comes into view. It is wielding a +0 whip.
The orc shouts!
You hear a shout!
Attack whom?
Press: ? - help, Dir - move target cursor, f - orc
Aim: an orc, wielding a +0 whip You reach to attack!
You closely miss the orc. You closely miss the orc.
An orc warrior comes into view. It is wielding a +4 glaive.
The orc closely misses you.
You closely miss the orc.
An orc comes into view. It is wielding a +0 club.
The orc hits you with a +0 whip.
The orc shouts!
You hit the orc.
The orc is severely wounded.
The orc hits you but does no damage. The orc hits you with a +0 whip.
The orc warrior hits you from afar with a +4 glaive!
The orc warrior hits you from afar with a +4 glaive!!
You die...

##########
#........#
.........#
#@o# #.o#
#o.##
#...#
#...###
#...+.#
#...#.#
#..)#.####
#...)..o.#


You could see an orc warrior and 2 orcs.

Vanquished Creatures
  A sky beast (D:5)
  2 scorpions
  A howler monkey (D:5)
  A hound (D:6)
  A bullfrog zombie (D:5)
  An orc wizard (D:6)
  A worker ant (D:4)
  An adder (D:5)
  An ooze (D:4)
  An adder skeleton (D:5)
  2 leopard geckos (D:4)
  An orc (D:6)
  2 bat zombies (D:4)
  A quokka (D:5)
  2 bats (D:2)
  4 frilled lizards
  A goblin (D:2)
  A rat zombie (D:4)
25 creatures vanquished.

Notes
Turn   | Place    | Note
-------+----------+-------------------------------------------
     0 | D:1      | emperorscorpion the Merfolk Berserker began the quest for
                  | the Orb.
     0 | D:1      | Reached XP level 1. HP: 18/18 MP: 1/1
   116 | D:4      | Found Usihuor's Armour Emporium.
   168 | D:4      | Reached XP level 2. HP: 15/24 MP: 2/2
   184 | D:4      | Reached skill level 5 in Polearms
   184 | D:4      | Reached XP level 3. HP: 26/30 MP: 3/3
   238 | D:4      | Noticed a scorpion
   247 | D:4      | Killed a scorpion
   247 | D:4      | Reached XP level 4. HP: 37/37 MP: 4/4
   387 | D:5      | Entered Level 5 of the Dungeon
   439 | D:5      | Noticed a sky beast
   450 | D:5      | Killed a sky beast
   450 | D:5      | Reached skill level 6 in Polearms
   450 | D:5      | Reached XP level 5. HP: 43/43 MP: 5/5
   467 | D:5      | Found a staircase to the Ecumenical Temple.
   606 | D:5      | Reached skill level 7 in Polearms
   606 | D:5      | Reached XP level 6. HP: 50/50 MP: 6/6
   618 | D:5      | Reached skill level 5 in Fighting
   700 | D:6      | Noticed an orc warrior
   706 | D:6      | Slain by an orc warrior

Levels and vault maps discovered:
D:1:      lightli_arrival_statue_moat, layout_loops_cross, serial_bayou,
          serial_bayou_pond_b, serial_bayou_pond_a, serial_bayou_lake_a,
          serial_bayou_pond_a, serial_bayou_lagoon_b, serial_bayou_pond_a
D:2:      layout_basic, lemuel_round_altar, nemelex_xobeh_ov_fountains_minmay,
          nicolae_dithmenos_through_a_glass_darkly
D:3:      layout_basic, uniq_jessica
D:4:      layout_loops_ring, lemuel_zombie_altar_kikubaaqudgha, serial_shops,
          shop, first_ration, kennysheep_windowed_goal
D:5:      minmay_angry_zag, layout_loops_cross, minmay_temple_entry_slanted,
          basic_altar
D:6:      layout_basic, chequers_temple_overflow_statue_of_worship, minitemple,
          minivault_5, minmay_misc_feat_four_crosses, st_stairs_12,
          minmay_splitting_lines

Skill      XL: |  1  2  3  4  5  6 |
---------------+-------------------+-----
Polearms       | 5 6 7 |  7.5
Dodging        | 3 4 |  4.3
Fighting       | 4 5 |  5.3
Armour         | 2 |  2.0
Stealth        | |  0.2

Action                   |  1- 3 |  4- 6 || total
-------------------------+-------+-------++-------
Melee: Spear             |    41 |    72 ||   113
Invok: Berserk           |     2 |     4 ||     6
  Use: Potion            |     1 |       ||     1
       Scroll            |       |     5 ||     5
  Eat: Chunk             |       |     4 ||     4
Armor: Animal skin       |     6 |     2 ||     8
       Ring mail         |       |     7 ||     7
Dodge: Dodged            |    17 |    31 ||    48

Table legend:
 A = Non-vault XP
 B = Vault XP
 C = Vault XP percentage of total XP
 D = Non-vault monster count
 E = Vault monster count
 F = Vault count percentage of total count
                 A         B        C        D         E       F
            +---------+---------+-------+---------+---------+-------
      Total |     521 |       6 |   1.1 |      21 |       4 |  16.0
            +---------+---------+-------+---------+---------+-------
        D:2 |       3 |       0 |   0.0 |       3 |       0 |   0.0
        D:3 |       2 |       0 |   0.0 |       2 |       0 |   0.0
        D:4 |     115 |       6 |   5.0 |       6 |       4 |  40.0
        D:5 |     246 |       0 |   0.0 |       6 |       0 |   0.0
        D:6 |     155 |       0 |   0.0 |       4 |       0 |   0.0
            +---------+---------+-------+---------+---------+-------
